Senators vs MapleLeafs

Created - 15 janvier 2018 at 17:26

Goals
1 2 3 T
Senators 1 1 0 2
MapleLeafs 0 1 0 1
Shots
1 2 3 T
Senators 11 17 6 34
MapleLeafs 15 9 2 26

1st period

1. Senators , Mike Hoffman 24 (Robbie Russo 6) at 9:37

Penalties :
Michael Stone (OTT) for Hooking (Minor) at 4:47, Kevin Bieksa (OTT) for Hooking (Minor) at 10:09, Radko Gudas (TOR) for Roughing (Minor) at 15:56, Jason Garrison (OTT) for Roughing (Minor) at 16:27

2nd period

2. MapleLeafs , Nazem Kadri 21 (Mikkel Boedker 4, Frederick Gaudreau 1) at 0:39
3. Senators , Michael Stone 7 (Mike Hoffman 26, Bobby Ryan 19) at 6:25 (PP)

Penalties :
Brayden Schenn (OTT) for Hooking (Minor) at 1:10, Radko Gudas (TOR) for Holding (Minor) at 4:26, Jason Garrison (OTT) for Hooking (Minor) at 15:47

3rd period

No Goal

Penalties :
No Penalty

Goalie Stats

Tuukka Rask (OTT), 25 saves from 26 shots - (0.962), W, 27-12-4, 60:00 minutes
Marc-Andre Fleury (TOR), 32 saves from 34 shots - (0.941), L, 18-14-5, 59:00 minutes

Players Stats for Senators

Player Name              G  A  P  +/- PIM S  H  SB GA TA FO     MP     PP MP  PK MP  
------------------------------------------------------------------------------------
Anton Lander             0  0  0   0  0   1  0  0  0  0  3/5     5:23   0:00   1:23 
Bobby Ryan               0  1  1   0  0   2  1  0  0  0  1/1    16:36   1:35   0:00 
Brayden Schenn           0  0  0   0  2   5  3  0  0  0  3/6    21:44   0:55   4:08 
Derick Brassard          0  0  0   0  0   2  0  0  0  0  15/26  20:33   1:35   3:37 
Drew Miller              0  0  0   0  0   2  0  0  0  0  1/1    14:15   0:00   1:15 
Jason Garrison           0  0  0  -1  4   0  1  2  0  0  0/0    17:02   1:25   2:48 
Jussi Jokinen            0  0  0   0  0   1  1  0  0  0  0/0    13:18   0:00   0:00 
Kevin Bieksa             0  0  0   0  2   0  3  2  0  0  0/0    20:11   1:04   3:09 
Lauri Korpikoski         0  0  0   0  0   0  0  0  0  0  0/0     4:00   0:00   0:00 
Mark Stone               0  0  0   0  0   6  0  0  0  0  2/2    16:29   0:55   0:00 
Markus Granlund          0  0  0   0  0   5  2  0  0  0  5/9    13:00   0:00   0:00 
Michael Stone            1  0  1   0  2   1  2  0  0  0  0/0    24:09   1:04   2:51 
Mike Hoffman             1  1  2   0  0   3  0  1  0  0  0/0    19:30   1:35   2:34 
Rob OGara                0  0  0   0  0   0  0  0  0  0  0/0     7:01   0:00   1:20 
Robbie Russo             0  1  1   1  0   0  0  2  0  0  0/0    16:20   0:00   2:35 
Trevor van Riemsdyk      0  0  0  -1  0   2  0  0  0  0  0/0    20:30   1:26   4:01 
Tyler Seguin             0  0  0   0  0   4  0  0  0  0  15/27  25:16   0:55   3:57 
Zbynek Michalek          0  0  0   1  0   0  1  0  0  0  0/0    14:43   0:00   0:10 

Players Stats for MapleLeafs

Player Name              G  A  P  +/- PIM S  H  SB GA TA FO     MP     PP MP  PK MP  
------------------------------------------------------------------------------------
Adam Erne                0  0  0  -1  0   2  0  0  0  0  8/20   17:58   0:00   0:16 
Beau Bennett             0  0  0   0  0   2  0  0  0  0  0/0    16:24   3:39   0:00 
Brent Seabrook           0  0  0  -1  0   1  0  0  0  0  0/0    23:20   4:01   1:30 
Christopher DiDomenico   0  0  0  -1  0   1  0  0  0  0  0/1    11:03   0:28   0:16 
Cody Franson             0  0  0   0  0   0  0  0  0  0  0/0     1:50   0:00   0:00 
Curtis Lazar             0  0  0   0  0   2  2  0  0  0  3/6    16:46   3:59   0:00 
Dmitry Kulikov           0  0  0   0  0   1  5  1  0  0  0/0    16:07   0:00   1:30 
Frederick Gaudreau       0  1  1   1  0   1  0  0  0  0  3/3    19:23   4:28   0:35 
Karl Alzner              0  0  0   1  0   2  0  0  0  0  0/0    22:03   4:26   1:00 
Marek Hrivik             0  0  0   0  0   1  1  0  0  0  0/1    14:22   0:20   0:00 
Mikkel Boedker           0  1  1   1  0   2  3  0  0  0  0/2    21:14   4:00   1:39 
Nazem Kadri              1  0  1   1  0   3  1  1  0  0  16/31  20:31   4:28   1:39 
Radko Gudas              0  0  0  -1  4   0  2  0  0  0  0/0    19:20   4:01   0:00 
Sam Henley               0  0  0  -1  0   0  1  0  0  0  1/6     8:29   0:00   0:00 
Scott Laughton           0  0  0   0  0   3  0  0  0  0  1/7    11:37   0:20   0:00 
Tanner Glass             0  0  0   0  0   4  3  0  0  0  0/0    17:37   3:39   0:35 
Travis Hamonic           0  0  0   1  0   1  0  0  0  0  0/0    22:41   4:26   1:00 
Zach Bogosian            0  0  0   0  0   0  2  1  0  0  0/0    15:15   0:00   0:00 

3 Stars

1 - Mike Hoffman (OTT)
2 - Tuukka Rask (OTT)
3 - Marc-Andre Fleury (TOR)

Power Play

Senators - 1 on 2 Attempt(s) - 50.00%
MapleLeafs - 0 on 5 Attempt(s) - 0.00%

Penalty Kill

Senators - 5 on 5 Attempt(s) - 100.00% - Score 0 goal in Penalty Kill
MapleLeafs - 1 on 2 Attempt(s) - 50.00% - Score 0 goal in Penalty Kill

Team Stat

Senators - Hits : 14 - Faceoff Wins : 45 - Blocked Shots : 7 - Penalty Minutes : 10
MapleLeafs - Hits : 20 - Faceoff Wins : 32 - Blocked Shots : 3 - Penalty Minutes : 4

Official

Referees : Gord Dwyer and Tom Kowal
Linesman : Darren Gibbs and Brad Lazarowich

Game Notes

Scott Laughton is injured at 15:59 of 3rd period (Right Knee)

Finance

Level 1 -- Attendance: 4599 (70.75%) -- Ticket Income 528 885 $
Level 2 -- Attendance: 4633 (92.66%) -- Ticket Income 370 640 $
Level 3 -- Attendance: 2267 (64.77%) -- Ticket Income 158 690 $
Level 4 -- Attendance: 2225 (78.93%) -- Ticket Income 100 125 $
Luxury Box -- Attendance: 862 (86.20%) -- Ticket Income 193 950 $
Game was played at the Air Canada Center.
Total Attendance: 14586 (77.51%)
Total Ticket Income: 1 352 290 $
Other Income: 202 844 $
Total Income: 1 555 134 $

% Time on Ice - Senators

Lines # - Real PCT - Wanted PCT - Time Play
Normal Forward
1 - 31% - 40% - 14:43
2 - 32% - 30% - 15:01
3 - 28% - 20% - 13:00
4 - 9% - 10% - 4:00
Normal Defense
1 - 31% - 40% - 14:28
2 - 27% - 30% - 12:50
3 - 29% - 20% - 13:45
4 - 12% - 10% - 5:41
PP Forward
1 - 37% - 60% - 0:55
2 - 63% - 40% - 1:35
PP Defense
1 - 43% - 60% - 1:04
2 - 57% - 40% - 1:26
PK Forward
1 - 70% - 60% - 5:53
2 - 30% - 40% - 2:34
PK Defense
1 - 47% - 60% - 3:56
2 - 53% - 40% - 4:31
PK3 Forward
1 - 0% - 60%
2 - 0% - 40%
PK3 Defense
1 - 0% - 60%
2 - 0% - 40%
44 Forward
1 - 77% - 60% - 1:08
2 - 23% - 40% - 0:20
44 Defense
1 - 45% - 60% - 0:40
2 - 55% - 40% - 0:48
Last Minute Offensive  - 0:00
Last Minute Defensive  - 0:51
Total
Forward - 60:00
Defense - 60:00

% Time on Ice - MapleLeafs

Lines # - Real PCT - Wanted PCT - Time Play
Normal Forward
1 - 29% - 36% - 13:34
2 - 27% - 32% - 12:45
3 - 26% - 22% - 12:08
4 - 18% - 10% - 8:29
Normal Defense
1 - 35% - 42% - 16:32
2 - 34% - 34% - 15:47
3 - 31% - 24% - 14:37
4 - 0% - 0% - 0:00
PP Forward
1 - 53% - 60% - 4:28
2 - 47% - 40% - 3:59
PP Defense
1 - 48% - 60% - 4:01
2 - 52% - 40% - 4:26
PK Forward
1 - 77% - 60% - 1:55
2 - 23% - 40% - 0:35
PK Defense
1 - 60% - 60% - 1:30
2 - 40% - 40% - 1:00
PK3 Forward
1 - 0% - 60%
2 - 0% - 40%
PK3 Defense
1 - 0% - 60%
2 - 0% - 40%
44 Forward
1 - 57% - 60% - 0:50
2 - 43% - 40% - 0:38
44 Defense
1 - 43% - 60% - 0:38
2 - 57% - 40% - 0:50
Last Minute Offensive  - 0:39
Last Minute Defensive  - 0:00
Total
Forward - 60:00
Defense - 60:00

Play by Play

1st period


0:01 of 1st period - Nazem Kadri wins face-off versus Tyler Seguin in neutral zone.
0:31 of 1st period - Off-side.
0:32 of 1st period - Derick Brassard wins face-off versus Adam Erne in neutral zone.
0:48 of 1st period - Bobby Ryan is hit by Tanner Glass and loses puck.
1:05 of 1st period - Shot by Tanner Glass.
1:05 of 1st period - Shot Blocked by Jason Garrison.
1:07 of 1st period - Shot by Karl Alzner.
1:07 of 1st period - Stopped by Tuukka Rask without a rebound.
1:08 of 1st period - Markus Granlund wins face-off versus Scott Laughton in Senators zone.
1:23 of 1st period - Drew Miller is hit by Curtis Lazar.
1:51 of 1st period - Dmitry Kulikov is hit by Jussi Jokinen and loses puck.
2:34 of 1st period - Icing by Tyler Seguin.
2:35 of 1st period - Tyler Seguin wins face-off versus Sam Henley in Senators zone.
3:18 of 1st period - Nazem Kadri is hit by Bobby Ryan and loses puck.
3:42 of 1st period - Jussi Jokinen is hit by Mikkel Boedker and loses puck.
3:57 of 1st period - Shot by Markus Granlund.
3:57 of 1st period - Stopped by Marc-Andre Fleury without a rebound.
3:58 of 1st period - Anton Lander wins face-off versus Adam Erne in MapleLeafs zone.
4:37 of 1st period - Shot by Scott Laughton.
4:37 of 1st period - Stopped by Tuukka Rask with a rebound.
4:39 of 1st period - Shot by Scott Laughton.
4:39 of 1st period - Shot Misses the Net.
4:47 of 1st period - Minor Penalty to Michael Stone for Hooking.
4:48 of 1st period - Nazem Kadri wins face-off versus Brayden Schenn in Senators zone.
4:48 of 1st period - Nazem Kadri is hit by Jason Garrison.
4:54 of 1st period - Shot by Radko Gudas.
4:54 of 1st period - Shot Misses the Net.
5:50 of 1st period - Shot by Travis Hamonic.
5:50 of 1st period - Stopped by Tuukka Rask without a rebound.
5:51 of 1st period - Curtis Lazar wins face-off versus Derick Brassard in Senators zone.
5:56 of 1st period - Shot by Curtis Lazar.
5:56 of 1st period - Stopped by Tuukka Rask without a rebound.
5:57 of 1st period - Curtis Lazar wins face-off versus Derick Brassard in Senators zone.
6:08 of 1st period - Shot by Tanner Glass.
6:08 of 1st period - Stopped by Tuukka Rask with a rebound.
6:17 of 1st period - Icing by Travis Hamonic.
6:18 of 1st period - Tyler Seguin wins face-off versus Curtis Lazar in MapleLeafs zone.
6:23 of 1st period - Shot by Brayden Schenn.
6:23 of 1st period - Shot Misses the Net.
6:58 of 1st period - Shot by Drew Miller.
6:58 of 1st period - Stopped by Marc-Andre Fleury without a rebound.
6:59 of 1st period - Derick Brassard wins face-off versus Sam Henley in MapleLeafs zone.
7:04 of 1st period - Shot by Bobby Ryan.
7:04 of 1st period - Stopped by Marc-Andre Fleury without a rebound.
7:05 of 1st period - Markus Granlund wins face-off versus Nazem Kadri in MapleLeafs zone.
8:20 of 1st period - Shot by Mark Stone.
8:20 of 1st period - Stopped by Marc-Andre Fleury without a rebound.
8:21 of 1st period - Derick Brassard wins face-off versus Adam Erne in MapleLeafs zone.
8:47 of 1st period - Shot by Tanner Glass.
8:47 of 1st period - Shot Blocked by Robbie Russo.
8:51 of 1st period - Shot by Adam Erne.
8:51 of 1st period - Stopped by Tuukka Rask with a rebound.
8:53 of 1st period - Shot by Tanner Glass.
8:53 of 1st period - Stopped by Tuukka Rask without a rebound.
8:54 of 1st period - Brayden Schenn wins face-off versus Marek Hrivik in Senators zone.
9:03 of 1st period - Shot by Mark Stone.
9:03 of 1st period - Deflect By Brayden Schenn.
9:03 of 1st period - Shot Misses the Net.
9:15 of 1st period - Shot by Scott Laughton.
9:15 of 1st period - Stopped by Tuukka Rask without a rebound.
9:16 of 1st period - Nazem Kadri wins face-off versus Anton Lander in Senators zone.
9:21 of 1st period - Shot by Nazem Kadri.
9:21 of 1st period - Stopped by Tuukka Rask without a rebound.
9:22 of 1st period - Derick Brassard wins face-off versus Sam Henley in Senators zone.
9:37 of 1st period - Shot by Mike Hoffman.
9:37 of 1st period - Goal by Mike Hoffman - Senators : 1 - MapleLeafs : 0.
9:38 of 1st period - Brayden Schenn wins face-off versus Mikkel Boedker in neutral zone.
9:41 of 1st period - Shot by Mark Stone.
9:41 of 1st period - Deflect By Tyler Seguin.
9:41 of 1st period - Stopped by Marc-Andre Fleury without a rebound.
9:42 of 1st period - Nazem Kadri wins face-off versus Tyler Seguin in MapleLeafs zone.
10:01 of 1st period - Shot by Nazem Kadri.
10:01 of 1st period - Shot Misses the Net.
10:09 of 1st period - Minor Penalty to Kevin Bieksa for Hooking.
10:10 of 1st period - Tyler Seguin wins face-off versus Curtis Lazar in Senators zone.
10:43 of 1st period - Shot by Travis Hamonic.
10:43 of 1st period - Shot Misses the Net.
10:45 of 1st period - Shot by Tanner Glass.
10:45 of 1st period - Stopped by Tuukka Rask without a rebound.
10:46 of 1st period - Tyler Seguin wins face-off versus Nazem Kadri in Senators zone.
11:02 of 1st period - Nazem Kadri is hit by Michael Stone and loses puck.
11:27 of 1st period - Icing by Brent Seabrook.
11:28 of 1st period - Derick Brassard wins face-off versus Nazem Kadri in MapleLeafs zone.
11:57 of 1st period - Shot by Curtis Lazar.
11:57 of 1st period - Stopped by Tuukka Rask with a rebound.
11:59 of 1st period - Shot by Travis Hamonic.
11:59 of 1st period - Shot Misses the Net.
12:11 of 1st period - Shot by Dmitry Kulikov.
12:11 of 1st period - Stopped by Tuukka Rask without a rebound.
12:12 of 1st period - Sam Henley wins face-off versus Derick Brassard in Senators zone.
13:11 of 1st period - Jason Garrison is hit by Marek Hrivik and loses puck.
13:34 of 1st period - Shot by Jussi Jokinen.
13:34 of 1st period - Shot Misses the Net.
13:59 of 1st period - Icing by Karl Alzner.
14:00 of 1st period - Brayden Schenn wins face-off versus Scott Laughton in MapleLeafs zone.
14:29 of 1st period - Shot by Tyler Seguin.
14:29 of 1st period - Stopped by Marc-Andre Fleury without a rebound.
14:30 of 1st period - Adam Erne wins face-off versus Anton Lander in MapleLeafs zone.
14:34 of 1st period - Off-side.
14:35 of 1st period - Adam Erne wins face-off versus Markus Granlund in neutral zone.
14:37 of 1st period - Brent Seabrook is hit by Zbynek Michalek and loses puck.
14:54 of 1st period - Shot by Markus Granlund.
14:54 of 1st period - Stopped by Marc-Andre Fleury without a rebound.
14:55 of 1st period - Tyler Seguin wins face-off versus Nazem Kadri in MapleLeafs zone.
15:02 of 1st period - Shot by Tyler Seguin.
15:02 of 1st period - Deflect By Brayden Schenn.
15:02 of 1st period - Shot Misses the Net.
15:12 of 1st period - Shot by Mark Stone.
15:12 of 1st period - Stopped by Marc-Andre Fleury without a rebound.
15:13 of 1st period - Derick Brassard wins face-off versus Adam Erne in MapleLeafs zone.
15:22 of 1st period - Shot by Bobby Ryan.
15:22 of 1st period - Stopped by Marc-Andre Fleury without a rebound.
15:23 of 1st period - Nazem Kadri wins face-off versus Tyler Seguin in MapleLeafs zone.
15:56 of 1st period - Minor Penalty to Radko Gudas for Roughing.
15:57 of 1st period - Derick Brassard wins face-off versus Nazem Kadri in MapleLeafs zone.
16:27 of 1st period - Minor Penalty to Jason Garrison for Roughing.
16:28 of 1st period - Nazem Kadri wins face-off versus Brayden Schenn in Senators zone.
16:41 of 1st period - Shot by Mikkel Boedker.
16:41 of 1st period - Stopped by Tuukka Rask with a rebound.
16:47 of 1st period - Shot by Brayden Schenn.
16:47 of 1st period - Stopped by Marc-Andre Fleury without a rebound.
16:48 of 1st period - Frederick Gaudreau wins face-off versus Brayden Schenn in MapleLeafs zone.
17:58 of 1st period - Derick Brassard is hit by Radko Gudas and loses puck.
18:45 of 1st period - Shot by Adam Erne.
18:45 of 1st period - Stopped by Tuukka Rask with a rebound.
19:31 of 1st period - Shot by Mike Hoffman.
19:31 of 1st period - Shot Misses the Net.
19:43 of 1st period - Shot by Scott Laughton.
19:43 of 1st period - Stopped by Tuukka Rask without a rebound.
19:44 of 1st period - Nazem Kadri wins face-off versus Tyler Seguin in Senators zone.
19:56 of 1st period - Icing by Jason Garrison.
19:57 of 1st period - Mark Stone wins face-off versus Nazem Kadri in Senators zone.
Goals for this period are 1 for Senators vs 0 for MapleLeafs.
Shots for this period are 11 for Senators vs 15 for MapleLeafs.

2nd period


0:01 of 2nd period - Adam Erne wins face-off versus Tyler Seguin in neutral zone.
0:04 of 2nd period - Michael Stone is hit by Tanner Glass and loses puck.
0:11 of 2nd period - Brent Seabrook is hit by Brayden Schenn.
0:15 of 2nd period - Shot by Beau Bennett.
0:15 of 2nd period - Stopped by Tuukka Rask without a rebound.
0:16 of 2nd period - Nazem Kadri wins face-off versus Derick Brassard in Senators zone.
0:33 of 2nd period - Shot by Nazem Kadri.
0:33 of 2nd period - Shot Misses the Net.
0:39 of 2nd period - Shot by Nazem Kadri.
0:39 of 2nd period - Goal by Nazem Kadri - Senators : 1 - MapleLeafs : 1.
0:40 of 2nd period - Mark Stone wins face-off versus Adam Erne in neutral zone.
0:44 of 2nd period - Mark Stone is hit by Radko Gudas and loses puck.
1:10 of 2nd period - Minor Penalty to Brayden Schenn for Hooking.
1:11 of 2nd period - Tyler Seguin wins face-off versus Nazem Kadri in Senators zone.
1:32 of 2nd period - Shot by Mikkel Boedker.
1:32 of 2nd period - Stopped by Tuukka Rask without a rebound.
1:33 of 2nd period - Curtis Lazar wins face-off versus Tyler Seguin in Senators zone.
3:33 of 2nd period - Shot by Sam Henley.
3:33 of 2nd period - Shot Blocked by Robbie Russo.
3:50 of 2nd period - Icing by Zbynek Michalek.
3:51 of 2nd period - Derick Brassard wins face-off versus Nazem Kadri in Senators zone.
3:58 of 2nd period - Icing by Travis Hamonic.
3:59 of 2nd period - Nazem Kadri wins face-off versus Tyler Seguin in MapleLeafs zone.
3:59 of 2nd period - Nazem Kadri is hit by Brayden Schenn.
4:06 of 2nd period - Off-side.
4:07 of 2nd period - Adam Erne wins face-off versus Tyler Seguin in neutral zone.
4:26 of 2nd period - Minor Penalty to Radko Gudas for Holding.
4:27 of 2nd period - Nazem Kadri wins face-off versus Tyler Seguin in MapleLeafs zone.
4:42 of 2nd period - Shot by Brayden Schenn.
4:42 of 2nd period - Stopped by Marc-Andre Fleury without a rebound.
4:43 of 2nd period - Derick Brassard wins face-off versus Nazem Kadri in MapleLeafs zone.
4:50 of 2nd period - Shot by Derick Brassard.
4:50 of 2nd period - Stopped by Marc-Andre Fleury without a rebound.
4:51 of 2nd period - Nazem Kadri wins face-off versus Derick Brassard in MapleLeafs zone.
5:44 of 2nd period - Shot by Tyler Seguin.
5:44 of 2nd period - Shot Misses the Net.
5:46 of 2nd period - Shot by Trevor van Riemsdyk.
5:46 of 2nd period - Stopped by Marc-Andre Fleury without a rebound.
5:47 of 2nd period - Frederick Gaudreau wins face-off versus Tyler Seguin in MapleLeafs zone.
6:11 of 2nd period - Shot by Mark Stone.
6:11 of 2nd period - Stopped by Marc-Andre Fleury without a rebound.
6:12 of 2nd period - Derick Brassard wins face-off versus Nazem Kadri in MapleLeafs zone.
6:21 of 2nd period - Shot by Bobby Ryan.
6:21 of 2nd period - Shot Misses the Net.
6:23 of 2nd period - Shot by Mike Hoffman.
6:23 of 2nd period - Shot Misses the Net.
6:25 of 2nd period - Shot by Michael Stone.
6:25 of 2nd period - Goal by Michael Stone - Senators : 2 - MapleLeafs : 1.
6:26 of 2nd period - Markus Granlund wins face-off versus Scott Laughton in neutral zone.
6:59 of 2nd period - Shot by Jussi Jokinen.
6:59 of 2nd period - Deflect By Markus Granlund.
6:59 of 2nd period - Shot Misses the Net.
7:13 of 2nd period - Mark Stone is hit by Curtis Lazar and loses puck.
7:44 of 2nd period - Beau Bennett is hit by Kevin Bieksa and loses puck.
7:51 of 2nd period - Shot by Tanner Glass.
7:51 of 2nd period - Shot Misses the Net.
7:53 of 2nd period - Shot by Tanner Glass.
7:53 of 2nd period - Stopped by Tuukka Rask without a rebound.
7:54 of 2nd period - Derick Brassard wins face-off versus Nazem Kadri in Senators zone.
8:26 of 2nd period - Shot by Bobby Ryan.
8:26 of 2nd period - Shot Blocked by Dmitry Kulikov.
8:46 of 2nd period - Shot by Markus Granlund.
8:46 of 2nd period - Stopped by Marc-Andre Fleury with a rebound.
8:48 of 2nd period - Shot by Jussi Jokinen.
8:48 of 2nd period - Stopped by Marc-Andre Fleury without a rebound.
8:49 of 2nd period - Anton Lander wins face-off versus Sam Henley in MapleLeafs zone.
8:52 of 2nd period - Shot by Tyler Seguin.
8:52 of 2nd period - Stopped by Marc-Andre Fleury with a rebound.
10:33 of 2nd period - Shot by Mike Hoffman.
10:33 of 2nd period - Stopped by Marc-Andre Fleury without a rebound.
10:34 of 2nd period - Tyler Seguin wins face-off versus Adam Erne in MapleLeafs zone.
10:34 of 2nd period - Brayden Schenn is hit by Dmitry Kulikov and loses puck.
10:37 of 2nd period - Shot by Brayden Schenn.
10:37 of 2nd period - Stopped by Marc-Andre Fleury with a rebound.
10:39 of 2nd period - Shot by Mark Stone.
10:39 of 2nd period - Stopped by Marc-Andre Fleury without a rebound.
10:40 of 2nd period - Tyler Seguin wins face-off versus Nazem Kadri in MapleLeafs zone.
10:54 of 2nd period - Frederick Gaudreau is hit by Kevin Bieksa and loses puck.
11:36 of 2nd period - Shot by Mike Hoffman.
11:36 of 2nd period - Shot Misses the Net.
11:38 of 2nd period - Shot by Bobby Ryan.
11:38 of 2nd period - Shot Misses the Net.
11:44 of 2nd period - Shot by Derick Brassard.
11:44 of 2nd period - Stopped by Marc-Andre Fleury without a rebound.
11:45 of 2nd period - Adam Erne wins face-off versus Markus Granlund in MapleLeafs zone.
11:54 of 2nd period - Shot by Beau Bennett.
11:54 of 2nd period - Shot Misses the Net.
11:56 of 2nd period - Shot by Brent Seabrook.
11:56 of 2nd period - Stopped by Tuukka Rask without a rebound.
11:57 of 2nd period - Derick Brassard wins face-off versus Scott Laughton in Senators zone.
13:14 of 2nd period - Brent Seabrook is hit by Brayden Schenn and loses puck.
15:43 of 2nd period - Shot by Radko Gudas.
15:43 of 2nd period - Shot Blocked by Jason Garrison.
15:47 of 2nd period - Shot by Beau Bennett.
15:47 of 2nd period - Stopped by Tuukka Rask without a rebound.
15:47 of 2nd period - Minor Penalty to Jason Garrison for Hooking.
15:48 of 2nd period - Frederick Gaudreau wins face-off versus Derick Brassard in Senators zone.
15:49 of 2nd period - Shot by Nazem Kadri.
15:49 of 2nd period - Shot Blocked by Kevin Bieksa.
16:09 of 2nd period - Shot by Travis Hamonic.
16:09 of 2nd period - Shot Misses the Net.
16:11 of 2nd period - Shot by Karl Alzner.
16:11 of 2nd period - Shot Blocked by Kevin Bieksa.
16:13 of 2nd period - Shot by Karl Alzner.
16:13 of 2nd period - Shot Misses the Net.
16:15 of 2nd period - Shot by Karl Alzner.
16:15 of 2nd period - Stopped by Tuukka Rask without a rebound.
16:16 of 2nd period - Tyler Seguin wins face-off versus Curtis Lazar in Senators zone.
16:25 of 2nd period - Shot by Brent Seabrook.
16:25 of 2nd period - Shot Misses the Net.
16:27 of 2nd period - Shot by Brent Seabrook.
16:27 of 2nd period - Shot Hit the Post.
17:15 of 2nd period - Icing by Nazem Kadri.
17:16 of 2nd period - Derick Brassard wins face-off versus Nazem Kadri in MapleLeafs zone.
17:17 of 2nd period - Shot by Mike Hoffman.
17:17 of 2nd period - Stopped by Marc-Andre Fleury with a rebound.
17:36 of 2nd period - Icing by Travis Hamonic.
17:37 of 2nd period - Nazem Kadri wins face-off versus Tyler Seguin in MapleLeafs zone.
17:57 of 2nd period - Shot by Markus Granlund.
17:57 of 2nd period - Stopped by Marc-Andre Fleury without a rebound.
17:58 of 2nd period - Scott Laughton wins face-off versus Derick Brassard in MapleLeafs zone.
18:08 of 2nd period - Shot by Brent Seabrook.
18:08 of 2nd period - Shot Misses the Net.
18:10 of 2nd period - Shot by Marek Hrivik.
18:10 of 2nd period - Stopped by Tuukka Rask without a rebound.
18:11 of 2nd period - Markus Granlund wins face-off versus Sam Henley in Senators zone.
18:30 of 2nd period - Shot by Christopher DiDomenico.
18:30 of 2nd period - Stopped by Tuukka Rask without a rebound.
18:31 of 2nd period - Tyler Seguin wins face-off versus Scott Laughton in Senators zone.
18:42 of 2nd period - Shot by Brayden Schenn.
18:42 of 2nd period - Shot Misses the Net.
18:44 of 2nd period - Shot by Brayden Schenn.
18:44 of 2nd period - Stopped by Marc-Andre Fleury without a rebound.
18:45 of 2nd period - Adam Erne wins face-off versus Derick Brassard in MapleLeafs zone.
19:44 of 2nd period - Shot by Brayden Schenn.
19:44 of 2nd period - Stopped by Marc-Andre Fleury with a rebound.
19:50 of 2nd period - Shot by Mark Stone.
19:50 of 2nd period - Stopped by Marc-Andre Fleury without a rebound.
19:51 of 2nd period - Nazem Kadri wins face-off versus Markus Granlund in MapleLeafs zone.
19:51 of 2nd period - Nazem Kadri is hit by Markus Granlund.
Goals for this period are 1 for Senators vs 1 for MapleLeafs.
Shots for this period are 17 for Senators vs 9 for MapleLeafs.

3rd period


0:01 of 3rd period - Nazem Kadri wins face-off versus Tyler Seguin in neutral zone.
1:34 of 3rd period - Trevor van Riemsdyk is hit by Zach Bogosian and loses puck.
1:40 of 3rd period - Mike Hoffman is hit by Dmitry Kulikov and loses puck.
1:49 of 3rd period - Shot by Mike Hoffman.
1:49 of 3rd period - Shot Misses the Net.
1:51 of 3rd period - Shot by Jason Garrison.
1:51 of 3rd period - Shot Misses the Net.
1:53 of 3rd period - Shot by Trevor van Riemsdyk.
1:53 of 3rd period - Shot Blocked by Zach Bogosian.
2:03 of 3rd period - Shot by Drew Miller.
2:03 of 3rd period - Shot Misses the Net.
2:11 of 3rd period - Shot by Robbie Russo.
2:11 of 3rd period - Shot Misses the Net.
2:26 of 3rd period - Markus Granlund is hit by Dmitry Kulikov and loses puck.
3:01 of 3rd period - Tyler Seguin is hit by Dmitry Kulikov and loses puck.
3:20 of 3rd period - Kevin Bieksa is hit by Zach Bogosian and loses puck.
3:30 of 3rd period - Bobby Ryan is hit by Dmitry Kulikov and loses puck.
4:39 of 3rd period - Shot by Tyler Seguin.
4:39 of 3rd period - Shot Hit the Post.
4:49 of 3rd period - Shot by Mark Stone.
4:49 of 3rd period - Stopped by Marc-Andre Fleury without a rebound.
4:50 of 3rd period - Bobby Ryan wins face-off versus Adam Erne in MapleLeafs zone.
6:06 of 3rd period - Shot by Tyler Seguin.
6:06 of 3rd period - Shot Misses the Net.
6:42 of 3rd period - Shot by Jussi Jokinen.
6:42 of 3rd period - Shot Misses the Net.
6:44 of 3rd period - Shot by Drew Miller.
6:44 of 3rd period - Stopped by Marc-Andre Fleury without a rebound.
6:45 of 3rd period - Anton Lander wins face-off versus Adam Erne in MapleLeafs zone.
6:48 of 3rd period - Shot by Lauri Korpikoski.
6:48 of 3rd period - Deflect By Anton Lander.
6:48 of 3rd period - Shot Misses the Net.
7:02 of 3rd period - Shot by Anton Lander.
7:02 of 3rd period - Stopped by Marc-Andre Fleury without a rebound.
7:03 of 3rd period - Tyler Seguin wins face-off versus Adam Erne in MapleLeafs zone.
7:36 of 3rd period - Icing by Kevin Bieksa.
7:37 of 3rd period - Tyler Seguin wins face-off versus Nazem Kadri in Senators zone.
8:28 of 3rd period - Robbie Russo is hit by Sam Henley and loses puck.
8:55 of 3rd period - Shot by Derick Brassard.
8:55 of 3rd period - Shot Misses the Net.
10:04 of 3rd period - Shot by Markus Granlund.
10:04 of 3rd period - Stopped by Marc-Andre Fleury without a rebound.
10:05 of 3rd period - Derick Brassard wins face-off versus Adam Erne in MapleLeafs zone.
10:14 of 3rd period - Shot by Beau Bennett.
10:14 of 3rd period - Shot Hit the Post.
10:26 of 3rd period - Shot by Bobby Ryan.
10:26 of 3rd period - Shot Misses the Net.
10:28 of 3rd period - Shot by Mike Hoffman.
10:28 of 3rd period - Shot Misses the Net.
11:14 of 3rd period - Rob OGara is hit by Mikkel Boedker and loses puck.
11:25 of 3rd period - Off-side.
11:26 of 3rd period - Drew Miller wins face-off versus Mikkel Boedker in neutral zone.
11:39 of 3rd period - Michael Stone is hit by Mikkel Boedker and loses puck.
11:55 of 3rd period - Icing by Karl Alzner.
11:56 of 3rd period - Nazem Kadri wins face-off versus Derick Brassard in MapleLeafs zone.
12:12 of 3rd period - Robbie Russo is hit by Tanner Glass and loses puck.
12:27 of 3rd period - Icing by Zbynek Michalek.
12:28 of 3rd period - Adam Erne wins face-off versus Derick Brassard in Senators zone.
12:34 of 3rd period - Off-side.
12:35 of 3rd period - Adam Erne wins face-off versus Markus Granlund in neutral zone.
12:37 of 3rd period - Radko Gudas is hit by Kevin Bieksa and loses puck.
13:34 of 3rd period - Shot by Mark Stone.
13:34 of 3rd period - Shot Misses the Net.
13:36 of 3rd period - Shot by Trevor van Riemsdyk.
13:36 of 3rd period - Stopped by Marc-Andre Fleury without a rebound.
13:37 of 3rd period - Nazem Kadri wins face-off versus Derick Brassard in MapleLeafs zone.
13:56 of 3rd period - Shot by Nazem Kadri.
13:56 of 3rd period - Stopped by Tuukka Rask without a rebound.
13:57 of 3rd period - Tyler Seguin wins face-off versus Scott Laughton in Senators zone.
14:20 of 3rd period - Shot by Tyler Seguin.
14:20 of 3rd period - Stopped by Marc-Andre Fleury without a rebound.
14:21 of 3rd period - Derick Brassard wins face-off versus Nazem Kadri in MapleLeafs zone.
14:22 of 3rd period - Shot by Mike Hoffman.
14:22 of 3rd period - Shot Blocked by Nazem Kadri.
14:29 of 3rd period - Nazem Kadri is hit by Michael Stone and loses puck.
14:32 of 3rd period - Shot by Mikkel Boedker.
14:32 of 3rd period - Shot Blocked by Mike Hoffman.
15:58 of 3rd period - Scott Laughton is hit by Markus Granlund.
15:59 of 3rd period - Scott Laughton from MapleLeafs is injured at 15:59 of 3rd period (Right Knee).
16:00 of 3rd period - Markus Granlund wins face-off versus Christopher DiDomenico in MapleLeafs zone.
16:01 of 3rd period - Shot by Jussi Jokinen.
16:01 of 3rd period - Shot Misses the Net.
17:22 of 3rd period - Shot by Frederick Gaudreau.
17:22 of 3rd period - Stopped by Tuukka Rask without a rebound.
17:23 of 3rd period - Tyler Seguin wins face-off versus Adam Erne in Senators zone.
17:30 of 3rd period - Icing by Brent Seabrook.
17:31 of 3rd period - Tyler Seguin wins face-off versus Adam Erne in MapleLeafs zone.
17:34 of 3rd period - Shot by Mark Stone.
17:34 of 3rd period - Shot Misses the Net.
17:36 of 3rd period - Shot by Mark Stone.
17:36 of 3rd period - Shot Misses the Net.
17:38 of 3rd period - Shot by Brayden Schenn.
17:38 of 3rd period - Shot Misses the Net.
18:37 of 3rd period - Mike Hoffman is hit by Nazem Kadri and loses puck.
19:00 of 3rd period - MapleLeafs, Marc-Andre Fleury is pulled from the net.
Goals for this period are 0 for Senators vs 0 for MapleLeafs.
Shots for this period are 6 for Senators vs 2 for MapleLeafs.